 Dungeon Crawl Stone Soup version 0.31-a0-875-g02e7d12df6 (webtiles) character file.

Game seed: 8567148183093071145

213 Maratek the Trooper (level 5, -2/48 HPs)
             Began as a Minotaur Fighter on Oct 12, 2023.
             Slain by a sky beast (5 damage)
             ... on level 4 of the Dungeon.
             The game lasted 00:02:50 (2358 turns).

Maratek the Trooper (Minotaur Fighter)              Turns: 2358, Time: 00:02:51

Health: -2/48      AC:  7    Str: 23    XL:     5   Next: 59%
Magic:  0/4        EV: 10    Int:  5    God:
Gold:   140        SH:  5    Dex: 12    Spells: 4/4 levels left

rFire   . . .        a - +0 war axe
rCold   . . .        c - +0 buckler
rNeg    + . .        b - +0 scale mail
rPois   +            (helmet restricted)
rElec   .            (no cloak)
rCorr   .            (no gloves)
SInv    .            (no boots)
Will    .....        p - amulet "Oneisojo" {Spirit *Slow rPois rN+ Dex+3} Stlth
                     (no ring)
HPRegen 0.28/turn    (no ring)
MPRegen 0.09/turn

%: slow self (1%), guardian spirit
@: no status effects
A: horns 2, retaliatory headbutt
a: no special abilities


You were on level 4 of the Dungeon.
You visited 1 branch of the dungeon, and saw 4 of its levels.

You collected 140 gold pieces.

Inventory:

Hand Weapons
 a - a +0 war axe (weapon)
Armour
 b - a +0 scale mail (worn)
 c - a +0 buckler (worn)
Jewellery
 p - the amulet "Oneisojo" (around neck) {Spirit *Slow rPois rN+ Dex+3}
   (You found it on level 3 of the Dungeon)

   [amulet of guardian spirit]

   Spirit:    It causes incoming damage to be divided between your reserves of
   health and magic.
   Dex+3:     It affects your dexterity (+3).
   rPois:     It protects you from poison rN+: It protects you from negative
   energy.
   *Slow:     It may slow you when you take damage.
Wands
 i - a wand of roots (8)
Scrolls
 e - 2 scrolls of revelation {unknown}
 f - 2 scrolls of identify {unknown}
 h - a scroll of brand weapon {unknown}
 m - 3 scrolls of teleportation {unknown}
 o - 2 scrolls of vulnerability {unknown}
Potions
 d - a potion of might
 g - 2 potions of brilliance {unknown}
 j - a potion of heal wounds {unknown}
 k - 2 potions of enlightenment {unknown}
 l - a potion of invisibility {unknown}
 n - a potion of curing {unknown}


   Skills:
 + Level 5.1 Fighting
 + Level 4.4 Axes
 + Level 4.9 Armour
 + Level 1.1 Dodging
 + Level 0.1 Stealth
 + Level 4.1 Shields


You had 4 spell levels left.
You didn't know any spells.
Your spell library contained the following spells:

 Spells                   Type           Power      Damage    Failure   Level
 Freeze                   Ice            0%         1d3       83%         1
 Lesser Beckoning         Tloc           0%         N/A       93%         2
 Frozen Ramparts          Ice            0%         1d1       99%         3
 Gell's Gravitas          Tloc           0%         N/A       99%         3
 Hailstorm                Conj/Ice       0%         3d3       99%         3
 Teleport Other           Tloc           0%         N/A       99%         3


Dungeon Overview and Level Annotations

Branches:
Dungeon (4/15)
 Temple: D:4-7

Altars:
Xom


Innate Abilities, Weirdness & Mutations

You have a pair of horns on your head.
You reflexively headbutt those who attack you in melee.


Message History

You block the sky beast's attack. The sky beast hits you.
The sky beast shocks you.
You barely miss the sky beast. Your headbutt misses the sky beast.
The sky beast is moderately wounded.
The sky beast closely misses you.
You hit the sky beast.
The sky beast is heavily wounded.
The sky beast hits you. The sky beast shocks you.
You closely miss the sky beast. You headbutt the sky beast.
The sky beast is heavily wounded.
You block the sky beast's attack.
The sky beast hits you but does no damage.
You slash the sky beast! Your headbutt misses the sky beast.
The sky beast is almost dead.
The sky beast hits you but does no damage.
You miss the sky beast.
The sky beast is almost dead.
The sky beast flickers out of sight!
Deactivating autopickup; reactivate with Ctrl-A.
Something hits you. Something shocks you.
You miss something. Something hits you but does no damage.
You block something's attack.
There is a strange disturbance nearby!
There is a strange disturbance nearby!
You hit something but do no damage. You headbutt something. Something hits you.
Something shocks you.
* * * LOW HITPOINT WARNING * * *
You barely miss something. Something hits you but does no damage.
You miss something.
Something hits you but does no damage. x2
You hit something but do no damage. Something hits you but does no damage.
You miss something. Your headbutt misses something.
Something hits you but does no damage.
You miss something. Your headbutt misses something. Something hits you.
* * * LOW HITPOINT WARNING * * *
Something shocks you.
* * * LOW HITPOINT WARNING * * *
Something hits you.
* * * LOW HITPOINT WARNING * * *
Something shocks you.
You die...

............#
................#
................#
................#
................#
................#
...............<#+#
....................
......{@............
.........:..........
....................
....................
................####
................#
)...............#
................#


There were no monsters in sight!

Vanquished Creatures
  A hound (D:3)
  An orc priest (D:4)
  An iguana (D:4)
  3 adders (D:2)
  3 gnolls (D:3)
  2 worms (D:2)
  3 orcs (D:4)
  7 bats
  3 endoplasms
  4 giant cockroaches
  2 goblins (D:1)
  5 hobgoblins
  6 jackals
  5 quokkas
  2 ball pythons (D:3)
  3 frilled lizards
  10 kobolds
  A rat (D:1)
62 creatures vanquished.

Notes
Turn   | Place    | Note
-------+----------+-------------------------------------------
     0 | D:1      | Maratek the Minotaur Fighter began the quest for the Orb.
     0 | D:1      | Reached XP level 1. HP: 19/19 MP: 0/0
   151 | D:1      | Reached XP level 2. HP: 27/27 MP: 1/1
   224 | D:1      | Found a faded altar of an unknown god.
   304 | D:1      | Reached skill level 4 in Fighting
   929 | D:2      | Reached XP level 3. HP: 23/33 MP: 2/2
  1219 | D:2      | Reached XP level 4. HP: 41/41 MP: 3/3
  1848 | D:3      | Reached skill level 1 in Dodging
  1849 | D:3      | Reached XP level 5. HP: 17/47 MP: 4/4
  2032 | D:3      | Identified the amulet "Oneisojo" {Spirit *Slow rPois rN+
                  | Dex+3}
  2208 | D:4      | Found a shimmering altar of Xom.
  2212 | D:4      | Reached skill level 5 in Fighting
  2335 | D:4      | Noticed a sky beast
  2358 | D:4      | Slain by a sky beast

Illustrated notes

Levels and vault maps discovered:
D:1:      dpeg_arrival_water_fire, layout_basic,
          dreamdust_ecumenical_altar_hidden_monk_grotto
D:2:      wander_river, layout_rooms
D:3:      layout_rooms, serial_bayou_ford_a, nicolae_houndstooth_variations
D:4:      layout_gridville, nicolae_vehumet_altar_sigil,
          mainiacjoe_overflow_small_starburst,
          nicolae_ru_great_annihilating_truth

Skill      XL: |  1  2  3  4  5 |
---------------+----------------+-----
Armour         | 4 |  4.9
Fighting       | 4 5 |  5.1
Axes           | 3 4 |  4.4
Shields        | 4 |  4.1
Dodging        | 1 |  1.1
Stealth        | |  0.1

Action                     |  1- 3 |  4- 6 || total
---------------------------+-------+-------++-------
  Melee: War axe           |    74 |    83 ||   157
         Headbutt          |     7 |     7 ||    14
 Armour: Scale mail        |    58 |    76 ||   134
  Dodge: Dodged            |    47 |    42 ||    89
  Block: Buckler           |    16 |    28 ||    44

Table legend: (Time is in decaauts)
 A = Elapsed time spent in this place.
 B = Non-inter-level travel time spent in this place.
 C = Inter-level travel time spent in this place.
 D = Time resting spent in this place.
 E = Time spent auto-exploring this place.
 F = Levels seen in this place.
 G = Mean time per level.
                   A        B        C        D        E       F      G
               +--------+--------+--------+--------+--------+-----+--------+
         Total |   2468 |   2347 |    121 |      0 |   1964 |   4 |  617.0 |
       Dungeon |   2468 |   2347 |    121 |      0 |   1964 |   4 |  617.0 |
               +--------+--------+--------+--------+--------+-----+--------+

Top non-repeatable levels by time:
     D:1: 925 daAuts
     D:2: 789 daAuts
     D:3: 591 daAuts
     D:4: 161 daAuts
